 Dungeon Crawl Stone Soup version 0.24-a0-784-g601f8f6 (webtiles) character file.

Game seed: 7422922155498600247, levelgen mode: deterministic

1580 2tousent the Spear-Bearer (level 8, -3/58 HPs)
             Began as a Merfolk Monk on Oct 8, 2019.
             Slain by an orc warrior
             ... wielding a +0 war axe
              (21 damage)
             ... on level 7 of the Dungeon.
             The game lasted 00:21:47 (7858 turns).

2tousent the Spear-Bearer (Merfolk Monk)            Turns: 7858, Time: 00:21:47

Health: -3/58      AC:  9    Str: 13    XL:     8   Next: 91%
Magic:  8/8        EV: 12    Int: 10    God:
Gold:   291        SH:  0    Dex: 20    Spells: 7/7 levels left

rFire    . . .     SeeInvis .   A - +0 trident
rCold    . . .     Gourm    .   (no shield)
rNeg     . . .     Faith    .   d - +1 scale mail of Mimeiho {MR+}
rPois    .         Spirit   .   (no helmet)
rElec    .         Reflect  .   k - scarf {cloud immunity}
rCorr    +         Harm     .   (no gloves)
MR       +....                  w - +1 pair of boots
Stlth    +.........             (no amulet)
HPRegen  0.19/turn              e - +4 ring of dexterity
MPRegen  0.11/turn              p - ring of resist corrosion

@: no status effects
A: change form in water, swift swim, stealthy swim
a: no special abilities


You were on level 7 of the Dungeon.
You were not hungry.

You visited 2 branches of the dungeon, and saw 8 of its levels.

You collected 291 gold pieces.

Inventory:

Hand Weapons
 a - a +1 spear
 h - a +0 dagger
 A - a +0 trident (weapon)
Missiles
 o - 4 atropa-tipped darts (quivered)
Armour
 b - a +0 robe
 d - the +1 scale mail of Mimeiho (worn) {MR+}
   (You found it on level 4 of the Dungeon)

   It affects your resistance to hostile enchantments.
 k - a scarf of cloud immunity (worn)
 w - a +1 pair of boots (worn)
 y - a +0 cloak
Jewellery
 e - a +4 ring of dexterity (left hand)
 m - an uncursed ring of positive energy
 p - a ring of resist corrosion (right hand)
Wands
 l - a wand of polymorph (7)
 t - a wand of acid (10)
 z - a wand of iceblast (10)
Scrolls
 g - 4 scrolls of blinking
 i - a scroll of teleportation
 r - 4 scrolls of random uselessness
 s - 2 scrolls of remove curse
 u - 2 scrolls of enchant armour
 v - 2 scrolls of identify
Potions
 j - 2 potions of agility
 n - 7 potions of curing
 x - 2 potions of lignification
Comestibles
 c - 8 rations
 f - 2 chunks of flesh


   Skills:
 - Level 3.2 Fighting
 + Level 12.9 Polearms
 - Level 5.0 Throwing
 - Level 1.3 Armour
 - Level 5.2 Dodging
 - Level 2.1 Stealth


You had 7 spell levels left.
You didn't know any spells.
Your spell library contained the following spells:

 Spells                   Type           Power        Failure   Level  Hunger
 Confusing Touch          Hex            #.....       87%         1    ##.....
 Sandblast                Erth           #.....       87%         1    ##.....
 Shock                    Conj/Air       #...         87%         1    ##.....
 Passwall                 Tmut/Erth      #.......     95%         2    ###....
 Swiftness                Chrm/Air       #.......     95%         2    ###....
 Confuse                  Hex            #.......     99%         3    ####...
 Gell's Gravitas          Tloc           #.........   99%         3    ####...
 Static Discharge         Conj/Air       #.......     99%         3    ####...
 Stone Arrow              Conj/Erth      #.....       99%         3    ####...
 Airstrike                Air            #.........   100%        4    #####..
 Petrify                  Tmut/Erth      #.......     100%        4    #####..
 Lee's Rapid Deconstruct  Erth           #.........   100%        5    ######.
 Lightning Bolt           Conj/Air       #.........   100%        5    ######.
 Metabolic Englaciation   Hex/Ice        #.........   100%        5    ######.
 Yara's Violent Unravell  Hex/Tmut       #.........   100%        5    ######.


Dungeon Overview and Level Annotations

Branches:
Dungeon (7/15)             Temple (1/1) D:4

Altars:
Ashenzari
Dithmenos
Elyvilon
Fedhas
Gozag
Makhleb
Nemelex Xobeh
Qazlal
Ru
Sif Muna
Trog
Uskayaw
Vehumet
Wu Jian
Xom
Zin
The Shining One

Annotations:
D:7 1 transporter


Message History

There is a stone staircase leading up here.
You climb upwards.
There is a stone staircase leading down here.
You hit the orc warrior but do no damage.
You hit the orc warrior but do no damage.
The orc warrior hits you with a +0 war axe!!
You barely miss the orc warrior.
The orc warrior hits you with a +0 war axe!
You barely miss the orc warrior.
The orc warrior hits you with a +0 war axe!
* * * LOW HITPOINT WARNING * * *
You climb downwards.
Level annotation: 1 transporter
There is a stone staircase leading up here.
You hit the orc warrior.
The orc warrior is lightly wounded.
You closely miss the orc warrior.
The orc warrior is lightly wounded.
The orc warrior hits you with a +0 war axe!!
You die...

.##..# .......
..........#.........
.....Wz...#......<..
####### ###.........
....©.. ..........#
#..$... #.#..#...#
..... #.#......#
#..###.@...#.#
#...#o....#.#
###.#.......## .#
#.[[.#.....#
...#....#)....###
#........#..#....#
#.#.##.#)#....##.#
#......)....# .#
####.#.#....# .


You could see an orc warrior.

Vanquished Creatures
  Duvessa (D:6)
  2 ice beasts
  2 ogres
  2 centaurs
  A big kobold (D:7)
  Dowan (D:6)
  A crimson imp (D:6)
  A centaur zombie (D:6)
  An orc priest (D:5)
  A centaur skeleton (D:4)
  5 hounds
  3 jellies
  2 iguanas
  An orc wizard (D:3)
  6 worker ants
  A hound zombie (D:6)
  A hound skeleton (D:4)
  A gnoll (D:1)
  5 adders
  A shadow imp (D:7)
  11 oozes
  An adder skeleton (D:5)
  An adder zombie (D:5)
  4 dart slugs
  5 leopard geckos
  19 orcs
  3 giant cockroaches
  6 hobgoblins
  7 jackals
  17 kobolds
  A quokka (D:5)
  9 bats
  2 frilled lizards (D:3)
  9 goblins
  6 rats
140 creatures vanquished.

Vanquished Creatures (others)
  An orc (D:5)
  2 fungi (D:3)
  8 toadstools (D:3)
11 creatures vanquished.

Grand Total: 151 creatures vanquished

Notes
Turn   | Place    | Note
-------+----------+-------------------------------------------
     0 | D:1      | 2tousent the Merfolk Monk began the quest for the Orb.
     0 | D:1      | Reached XP level 1. HP: 18/18 MP: 1/1
    46 | D:1      | You fall into a shaft and drop 1 floor!
    51 | D:2      | You fall into a shaft and drop 1 floor!
   135 | D:3      | Reached skill level 5 in Polearms
   135 | D:3      | Reached XP level 2. HP: 5/24 MP: 2/2
   717 | D:3      | Found a blossoming altar of Fedhas.
   772 | D:3      | Reached skill level 6 in Polearms
   772 | D:3      | Reached XP level 3. HP: 25/29 MP: 3/3
  1411 | D:1      | Reached XP level 4. HP: 35/35 MP: 4/4
  1464 | D:1      | Reached skill level 7 in Polearms
  1913 | D:2      | Noticed a centaur
  1932 | D:2      | Killed a centaur
  1932 | D:2      | Reached skill level 8 in Polearms
  1932 | D:2      | Reached XP level 5. HP: 18/41 MP: 5/5
  2794 | D:3      | Found a glowing golden altar of the Shining One.
  2832 | D:3      | Found a shimmering altar of Xom.
  2862 | D:3      | Reached skill level 9 in Polearms
  3168 | D:3      | Reached XP level 6. HP: 42/47 MP: 6/6
  3485 | D:3      | Found a shadowy altar of Dithmenos.
  3627 | D:3      | Reached skill level 10 in Polearms
  4383 | D:4      | Reached XP level 7. HP: 43/52 MP: 7/7
  4468 | D:4      | Reached skill level 11 in Polearms
  4480 | D:4      | Got a brightly glowing scale mail
  4491 | D:4      | Identified the +1 scale mail of Mimeiho {MR+} (You found it
                  | on level 4 of the Dungeon)
  4611 | D:4      | Found a staircase to the Ecumenical Temple.
  4619 | Temple   | Entered the Ecumenical Temple
  5132 | D:5      | Entered Level 5 of the Dungeon
  5608 | D:5      | Reached skill level 12 in Polearms
  5991 | D:5      | Reached skill level 1 in Armour
  6035 | D:5      | Reached skill level 5 in Dodging
  6035 | D:5      | Reached XP level 8. HP: 22/58 MP: 8/8
  6332 | D:5      | Found a shimmering altar of Xom.
  6417 | D:5      | Reached skill level 1 in Throwing
  6714 | D:5      | Found a radiant altar of Vehumet.
  6879 | D:6      | Noticed Duvessa
  6883 | D:6      | Noticed Dowan
  7140 | D:6      | Killed Dowan
  7141 | D:6      | Killed Duvessa
  7141 | D:6      | Reached skill level 5 in Throwing
  7504 | D:7      | Found a transporter.
  7858 | D:7      | Slain by an orc warrior

Levels and vault maps discovered:
D:1:      onia_arrival_pyramid, layout_basic, corexii_corridor_pit
D:2:      layout_basic, first_ration
D:3:      cheibrodos_fertilizer, layout_loops_ring, old_standard_altar,
          tso_metal_star, lemuel_doored_altar, fedhas_altar_2,
          corexii_corridor_pit
D:4:      layout_rooms, temple_green
D:5:      layout_loops_ring, kennysheep_mini, basic_altar, lemuel_flamethrower_2
D:6:      layout_cave_pools, uniq_duvessa
D:7:      layout_rooms, kennysheep_little_box, nicolae_overflow_hidden_temple,
          gammafunk_temple_of_torment, basic_altar, serial_shops, shop
Temple:   minmay_temple_forest_path

Skill      XL: |  1  2  3  4  5  6  7  8 |
---------------+-------------------------+-----
Polearms       | 5 6 8 9 10 12 | 12.9
Armour         | 1 |  1.3
Dodging        | 5 |  5.2
Throwing       | 5 |  5.0
Fighting       | |  3.2
Stealth        | |  2.1

Action                   |  1- 3 |  4- 6 |  7- 9 || total
-------------------------+-------+-------+-------++-------
Melee: Spear             |   135 |   311 |   283 ||   729
       Tailslap          |     2 |       |       ||     2
       Trident           |       |       |    57 ||    57
       Unarmed           |       |       |     2 ||     2
Throw: Dart              |       |     1 |    18 ||    19
       Throwing net      |       |       |     2 ||     2
Evoke: Wand              |       |       |     9 ||     9
  Use: Scroll            |       |     4 |     8 ||    12
       Potion            |       |     1 |     1 ||     2
 Stab: Sleeping          |     5 |     6 |     2 ||    13
       Distracted        |       |     1 |       ||     1
       Invisible         |       |       |     7 ||     7
       Held in net/web   |       |       |     2 ||     2
  Eat: Chunk             |     2 |     5 |     8 ||    15
       Ration            |       |     1 |     1 ||     2
Armor: Robe              |    19 |    13 |       ||    32
       Scale mail        |       |       |    57 ||    57
Dodge: Dodged            |    99 |   141 |    76 ||   316

Table legend:
 A = Non-vault XP
 B = Vault XP
 C = Vault XP percentage of total XP
 D = Non-vault monster count
 E = Vault monster count
 F = Vault count percentage of total count
                 A         B        C        D         E       F
            +---------+---------+-------+---------+---------+-------
      Total |    1927 |     331 |  14.7 |     121 |      19 |  13.6
            +---------+---------+-------+---------+---------+-------
        D:1 |      55 |       0 |   0.0 |      23 |       0 |   0.0
        D:2 |     131 |       0 |   0.0 |       9 |       0 |   0.0
        D:3 |     196 |     111 |  36.2 |      35 |      17 |  32.7
        D:4 |     266 |       0 |   0.0 |       8 |       0 |   0.0
        D:5 |     712 |       0 |   0.0 |      23 |       0 |   0.0
        D:6 |     240 |     220 |  47.8 |      10 |       2 |  16.7
        D:7 |     327 |       0 |   0.0 |      13 |       0 |   0.0
            +---------+---------+-------+---------+---------+-------
